 Dungeon Crawl Stone Soup version 0.32-a0-886-g41c5271027 (webtiles) character file.

Game seed: 13161280067352295803

53 pokedragonboy the Ruffian (level 3, -2/48 HPs)
             Began as a Naga Shapeshifter on Apr 2, 2024.
             Frozen to death by an endoplasm (4 damage)
             ... on level 2 of the Dungeon.
             The game lasted 00:02:30 (1573 turns).

pokedragonboy the Ruffian (Naga Shapeshifter)       Turns: 1573, Time: 00:02:30

Health: -2/48      AC: 21    Str: 18    XL:     3   Next: 87%
Magic:  3/3        EV:  1    Int: 10    God:
Gold:   42         SH:  0    Dex: 10    Spells: 2/2 levels left

rFire   . . .        e - +0 dagger
rCold   . . .        (no shield)
rNeg    . . .        a - melded +0 animal skin
rPois   +            (helmet currently unavailable)
rElec   .            (cloak currently unavailable)
rCorr   .            (gloves currently unavailable)
SInv    +            (no barding)
Will    .....        (no amulet)
Stlth   +            (no ring)
HPRegen 0.28/turn    (no ring)
MPRegen 0.08/turn

%: no passive effects
@: tree-form
A: stationary, stasis, torment immunity, boosted hp, AC +1, large, see
invisible, (deformed body), (poison resistance), (slowness 2), spit poison 1,
(naga tail 1)
a: Spit Poison


You were on level 2 of the Dungeon.
You were a tree.
You visited 1 branch of the dungeon, and saw 2 of its levels.

You collected 42 gold pieces.

Inventory:

Hand Weapons
 e - a +0 dagger (weapon)
Armour
 a - a +0 animal skin (melded)
Talismans
 c - a beast talisman (active)
 d - a flux talisman
Scrolls
 f - 2 scrolls of identify
 g - a scroll of amnesia
 h - a scroll of teleportation {unknown}
 j - a scroll of blinking {unknown}
Potions
 i - a potion of curing {unknown}


   Skills:
 + Level 1.8 Fighting
 + Level 1.0 Armour
 + Level 2.0 Dodging
 + Level 3.3 Unarmed Combat
 + Level 3.3 Shapeshifting


You had 2 spell levels left.
You didn't know any spells.
Your spell library was empty.

Dungeon Overview and Level Annotations

Branches:
Dungeon (2/15)

Altars:


Innate Abilities, Weirdness & Mutations

You are a tree.
Your roots penetrate the ground, keeping you stationary.
You cannot be teleported.
You are immune to unholy pain and torment.
Your maximum health is greatly increased.
Your equipment is partially melded.
((Your serpentine skin is tough. (AC +1)))
You have supernaturally acute eyesight. (SInv)
((Armour fits poorly on your strangely shaped body.))
((Your system is resistant to poisons. (rPois)))
((You cover ground very slowly.))
You can spit poison.
((You have a snake-like lower body.))


Message History

The adder is lightly wounded.
You feel sick. The adder bites you but does no damage.
The endoplasm hits you but does no damage.
You miss the adder.
The adder is lightly wounded.
You feel sick. The adder completely misses you.
The endoplasm hits you but does no damage.
The adder bites you but does no damage.
You hit the adder.
The adder is moderately wounded.
You feel sick.
The endoplasm hits you but does no damage.
The adder bites you but does no damage.
You completely miss the adder.
The adder is moderately wounded.
You feel sick.
You are no longer poisoned.
The endoplasm hits you but does no damage.
The adder bites you.
* * * LOW HITPOINT WARNING * * *
You aren't carrying any items that you can evoke.
Aiming: Spit Poison (2% risk of failure)
Press: ? - help, Q - select action Shift-Dir - straight line, f - adder, p - endoplasm
Aim: an adder (moderately wounded, 37% to hit)
The splash of poison hits the adder!
The adder is poisoned.
You kill the adder!
The endoplasm freezes you.
You are frozen.
* * * LOW HITPOINT WARNING * * *
Your Armour skill increases to level 1!
Okay, then.
You hit the endoplasm.
The endoplasm is severely wounded.
The endoplasm hits you but does no damage.
You barely miss the endoplasm.
The endoplasm is severely wounded.
You have got your breath back.
The endoplasm freezes you.
You are frozen.
You die...

##.... ##...##.## ...#.####
####..###.... #...#..#
...........## #...#..#
.......##..#
#......#######...#..#..#
#.#.............)......#
#.#....##....######.##.##
#...†....................
###.##.>♣J###############
#.##..#....... #....
#.##..#....... #.###
#.....+....... #.#
#...#.#....... #.#
#...#.#....... #.#
#...#.#####+#######.###
#......................
#.#####.##.###.#.#######.###


You could see an endoplasm.

Vanquished Creatures
  An adder (D:2)
  A ribbon worm (D:2)
  2 dart slugs (D:1)
  2 ball pythons
  6 endoplasms
  2 giant cockroaches (D:1)
  5 goblins
  3 hobgoblins
  4 kobolds (D:1)
  4 bats
  3 frilled lizards
  2 rats (D:1)
35 creatures vanquished.

Notes
Turn   | Place    | Note
-------+----------+-------------------------------------------
     0 | D:1      | pokedragonboy the Naga Shapeshifter began the quest for the
                  | Orb.
     0 | D:1      | Reached XP level 1. HP: 18/18 MP: 1/1
   116 | D:1      | Reached XP level 2. HP: 20/25 MP: 2/2
   248 | D:1      | HP: 1/25 [ball python (2)]
   526 | D:1      | Reached XP level 3. HP: 18/31 MP: 3/3
  1571 | D:2      | HP: 2/48 [frozen (2)]
  1572 | D:2      | Reached skill level 1 in Armour
  1573 | D:2      | Frozen to death by an endoplasm

Illustrated notes

Levels and vault maps discovered:
D:1:      lemuel_arrival_room, layout_loops_ring, serial_forest,
          infiniplex_forest_clump_small, infiniplex_forest_lined_corner,
          infiniplex_forest_end_2, infiniplex_forest_clump_long,
          infiniplex_forest_straight_3
D:2:      layout_basic, minmay_misc_feat_five, uniq_natasha

Skill      XL: |  1  2  3 |
---------------+----------+-----
Dodging        | 2 |  2.0
Armour         | 1 |  1.0
Fighting       | |  1.8
Unarmed Combat | |  3.3
Shapeshifting  | |  3.3

Action                     || total
---------------------------++-------
  Melee: Unarmed           ||    14
         Dagger            ||   102
Ability: Spit Poison       ||     5
    Use: Scroll            ||     1
         Potion            ||     1
 Armour: Animal skin       ||    85
         Skin              ||    16
  Dodge: Dodged            ||    52

Table legend: (Time is in decaauts)
 A = Elapsed time spent in this place.
 B = Non-inter-level travel time spent in this place.
 C = Inter-level travel time spent in this place.
 D = Time resting spent in this place.
 E = Time spent auto-exploring this place.
 F = Levels seen in this place.
 G = Mean time per level.
                   A        B        C        D        E       F      G
               +--------+--------+--------+--------+--------+-----+--------+
         Total |   1962 |   1909 |     53 |    311 |   1354 |   2 |  981.0 |
       Dungeon |   1962 |   1909 |     53 |    311 |   1354 |   2 |  981.0 |
               +--------+--------+--------+--------+--------+-----+--------+

Top non-repeatable levels by time:
     D:1: 1622 daAuts
     D:2: 340 daAuts
